cohdb
Replays
Latest Replays
All Replays
Popular Replays
Top Player Replays
Match Explorer
How It Works
Community
CoH3 Stats
Reddit
Sign in to upload your games and track your stats! →
Sign in with Steam
Match 43260186
Unlisted
Match 43260186
Overview
Messages
Build Orders
End
Selects Special Operations Battlegroup
Selects M29 Weasel Recon Vehicle
M29 Weasel Recon Vehicle
Construct Barracks
Riflemen Squad
Riflemen Squad
Infantry Support Center
Selects Smoke Screen
Riflemen Squad
M1918 Browning Automatic Rifles
Construct Medical Station
Grenade Package
Smoke Screen
Riflemen Squad
Construct Motor Pool
Smoke Screen
M24 Chaffee Light Tank
Advanced Logistics
Selects P-47 Anti-Infantry Loiter
Smoke Screen
M1 Anti-tank Gun Team
Selects SSF Commando Squad
Survival Training
M1 Anti-tank Gun Team
P-47 Anti-Infantry Loiter
M24 Chaffee Light Tank
M24 Chaffee Light Tank
SSF Commando Squad
Smoke Screen
Selects M4A1 Sherman Whizbang
M24 Chaffee Light Tank
M24 Chaffee Light Tank
Smoke Screen
Engineer Squad
M24 Chaffee Light Tank
Selects Assault Operation
Engineer Squad
P-47 Anti-Infantry Loiter
M24 Chaffee Light Tank
Smoke Screen
P-47 Anti-Infantry Loiter
M24 Chaffee Light Tank
Back to the ogre magi
GTR
MrGlaucus
Discoverer
0
0
Comments
sign in to comment!
No comments posted yet!